 Dungeon Crawl Stone Soup version 0.27.1-2-g3b301248ec (webtiles) character file.

Game seed: 10006594160052855241

3464 SibleyIrresistible the Destroyer (level 10, 0/56 HPs)
             Began as a Tengu Air Elementalist on Sept 26, 2021.
             Slain by a slime creature (18 damage)
             ... on level 7 of the Dungeon.
             The game lasted 00:33:46 (9558 turns).

SibleyIrresistible the Destroyer (TeAE)             Turns: 9558, Time: 00:33:47

Health: 0/56       AC:  3    Str:  9    XL:     10   Next: 6%
Magic:  8/19       EV: 17    Int: 19    God:
Gold:   464        SH:  0    Dex: 14    Spells: 6/20 levels left

rFire    . . .     SeeInvis .   z - +2 flail (protect)
rCold    . . .     Faith    .   (no shield)
rNeg     . . .     Spirit   .   a - +0 robe
rPois    +         Reflect  .   (helmet restricted)
rElec    .         Harm     .   (no cloak)
rCorr    .         Rampage  .   E - +0 pair of gloves
Will     .....                  (boots unavailable)
Stlth    ++........             (no amulet)
HPRegen  0.18/turn              F - ring of poison resistance
MPRegen  0.16/turn              (no ring)

@: flying quickly and evasively, quick
A: beak, talons 3, nimble flight
a: no special abilities


You were on level 7 of the Dungeon.
You visited 2 branches of the dungeon, and saw 8 of its levels.

You collected 464 gold pieces.

Inventory:

Hand Weapons
 j - a +2 dagger of electrocution
 n - a +3 quarterstaff of chaos
 z - a +2 flail of protection (weapon)
Missiles
 q - 3 throwing nets
Armour
 a - a +0 robe (worn)
 o - a +0 cloak
 t - the +5 ring mail of Torchovo {Drain rPois Int-2 Dex+4}
   (You found it on level 4 of the Dungeon)

   Int:       It affects your intelligence (-2).
   Dex:       It affects your dexterity (+4).
   rPois:     It protects you from poison.
   Drain:     It drains your maximum health when unequipped.
 E - a +0 pair of gloves (worn)
Magical Staves
 x - a staff of cold
Jewellery
 k - a ring of ice
 F - a ring of poison resistance (left hand)
Wands
 u - a wand of acid (2)
 A - a wand of flame (18)
 B - a wand of iceblast (9)
Scrolls
 b - a scroll of teleportation {unknown}
 c - 2 scrolls of vulnerability {unknown}
 d - a scroll of fog {unknown}
 f - 2 scrolls of immolation {unknown}
 m - 2 scrolls of noise {unknown}
 p - a scroll of enchant weapon {unknown}
 r - a scroll of enchant armour {unknown}
 y - a scroll of fear {unknown}
 D - a scroll of holy word {unknown}
Potions
 e - 2 potions of curing {unknown}
 g - a potion of ambrosia {unknown}
 h - 2 potions of heal wounds
 i - a potion of resistance {unknown}
 l - 2 potions of flight {unknown}
 s - 2 potions of degeneration
 v - a potion of mutation {unknown}
 w - a potion of might {unknown}
 C - a potion of invisibility {unknown}


   Skills:
 - Level 4.0 Fighting
 + Level 5.7 Dodging
 - Level 2.0 Stealth
 + Level 5.7 Spellcasting
 * Level 10.9 Conjurations
 - Level 10.0 Air Magic


You had 6 spell levels left.
You knew the following spells:

 Your Spells              Type           Power      Damage    Failure   Level
a - Shock                 Conj/Air       100%       1d9       1%          1
b - Swiftness             Air            43%        N/A       1%          3
c - Static Discharge      Conj/Air       45%        N/A       1%          2
d - Animate Skeleton      Necr           10%        N/A       12%         1
e - Airstrike             Air            21%        N/A       1%          4
f - Mephitic Cloud        Conj/Pois/Air  31%        N/A       1%          3

Your spell library contained the following spells:

 Spells                   Type           Power      Damage    Failure   Level
 Pain                     Necr           20%        1d5       12%         1
 Blink                    Tloc           N/A        N/A       17%         2
 Slow                     Hex            5%         N/A       17%         2
 Confusing Touch          Hex            5%         N/A       34%         3
 Gell's Gravitas          Tloc           2%         N/A       34%         3
 Ignite Poison            Fire/Tmut/Pois 5%         N/A       34%         3
 Lesser Beckoning         Tloc           2%         N/A       34%         3
 Teleport Other           Tloc           5%         N/A       34%         3
 Vampiric Draining        Necr           2%         2d6       34%         3
 Bolt of Magma            Conj/Fire/Erth 9%         4d7       58%         5
 Manifold Assault         Tloc           5%         N/A       97%         5
 Yara's Violent Unravell  Hex/Tmut       2%         3d3       97%         5
 Storm Form               Tmut/Air       12%        N/A       100%        7


Dungeon Overview and Level Annotations

Branches:
Dungeon (7/15)             Temple (1/1) D:5

Altars:
Cheibriados
Dithmenos
Elyvilon
Gozag
Hepliaklqana
Kikubaaqudgha
Makhleb
Nemelex Xobeh
Qazlal
Sif Muna
Vehumet
Wu Jian
Xom
Yredelemnul
Zin

Shops:
D:2 [


Innate Abilities, Weirdness & Mutations

You have a beak for a mouth.
You have claws for feet.
Your magical nature lets you fly swiftly and evasively.


Message History

Confirm with . or Enter, or press ? or * to list all spells.
You attempt to give life to the dead...
Before your eyes, flesh is ripped from the corpse!
The dead are walking!
The troll closely misses you. x2; The troll claws you!
Casting: Animate Skeleton (safe; 12% risk of failure)
Confirm with . or Enter, or press ? or * to list all spells.
The troll is struck by an arc of lightning!
The troll is almost dead.
The troll bites you. The troll barely misses you. The troll claws you.
Casting: Static Discharge (safe; 1% risk of failure)
Confirm with . or Enter, or press ? or * to list all spells.
The troll is struck by an arc of lightning!
You kill the troll!
The troll leather armour is intact enough to wear.
The lightning grounds out.
The centaur wields a +0 shortbow.
The centaur shoots an arrow.
The arrow hits you.
Casting: Static Discharge (safe; 1% risk of failure)
Confirm with . or Enter, or press ? or * to list all spells.
The slime creature is struck by an arc of lightning!
The slime creature is moderately wounded.
You are struck by an arc of lightning.
The lightning grounds out.
The slime creature completely misses you.
Unknown command.
Casting: Static Discharge (safe; 1% risk of failure)
Confirm with . or Enter, or press ? or * to list all spells.
Really attack your yak skeleton? [Y]es or [N]o only, please.
Really attack your yak skeleton? [Y]es or [N]o only, please.
Really attack your yak skeleton?
The slime creature is struck by an arc of lightning!
The slime creature is heavily wounded.
The centaur is struck by an arc of lightning.
The centaur is lightly wounded.
The slime creature is struck by an arc of lightning.
The slime creature is severely wounded.
The centaur is struck by an arc of lightning.
The centaur is moderately wounded.
The lightning grounds out.
The slime creature hits you!!
You die...

.[#T.+....###....'...##..#
#.K)K#....)#[###.#...##..# .)}
#..###..##..#.......#
###K####..##..#..##........
##...(5###..#....##.........
#...5.5.###.....##.........#
#...#.#.4.####'###..........#
#....#.#..J.#.))..#.#####....#
#.). #.##...#@#.#.#.# ##....
+... .8##.Z4J.#.#.#.# ##...
#.. .8[#..c#.#.#.#.# #... #..
#8c.##..#)#.#.#.# #... ...
#.########.# ##..#
###........# #...#
##..#.....### #...#
.###+###..######...#####....
.........## #............


You could see a slime creature (ally target), a rust devil (summoned), a centaur
and a friendly yak skeleton.

Vanquished Creatures
  A cyclops (D:7)
  A troll (D:7)
  A shadow (D:7)
  A yak (D:7)
  Edmund (D:5)
  A water moccasin (D:6)
  An orc warrior (D:7)
  An ice beast (D:7)
  A sky beast (D:7)
  2 ogres
  2 necrophages
  A phantom (D:5)
  A kobold brigand (D:7)
  A bullfrog (D:6)
  2 scorpions (D:5)
  A water moccasin skeleton (D:5)
  5 killer bees
  A bullfrog zombie (D:5)
  A centaur zombie (D:7)
  A bullfrog skeleton (D:4)
  2 centaur skeletons
  10 hounds
  2 jellies
  Crazy Yiuf (D:2)
  A gnoll shaman (D:7)
  2 orc priests
  3 iguanas
  2 orc wizards
  A hound zombie (D:5)
  A hound skeleton (D:4)
  17 gnolls
  9 adders
  An ufetubus (D:5)
  A dart slug (D:4)
  13 orcs
  A bat (D:2)
  5 endoplasms
  3 giant cockroaches
  6 hobgoblins
  A jackal (D:1)
  2 quokkas
  6 ball pythons
  A frilled lizard (D:2)
  10 goblins
  5 kobolds
  4 rats
137 creatures vanquished.

Vanquished Creatures (collateral kills)
  A gnoll sergeant (D:6)
  An orc wizard (D:6)
  A gnoll (D:6)
  An orc (D:4)
  An endoplasm (D:4)
5 creatures vanquished.

Vanquished Creatures (others)
  29 plants (D:5)
29 creatures vanquished.

Grand Total: 171 creatures vanquished

Notes
Turn   | Place    | Note
-------+----------+-------------------------------------------
     0 | D:1      | SibleyIrresistible the Tengu Air Elementalist began the
                  | quest for the Orb.
     0 | D:1      | Reached XP level 1. HP: 10/10 MP: 4/4
   412 | D:1      | Reached XP level 2. HP: 16/16 MP: 1/6
   793 | D:1      | Reached skill level 1 in Fighting
  1027 | D:1      | Reached skill level 5 in Air Magic
  1042 | D:1      | Reached XP level 3. HP: 20/20 MP: 0/7
  1140 | D:1      | Learned a level 3 spell: Swiftness
  1143 | D:1      | Learned a level 2 spell: Static Discharge
  1202 | D:2      | Found Disaar's Armour Emporium.
  1720 | D:2      | Reached XP level 4. HP: 26/26 MP: 5/8
  2079 | D:2      | Found a snail-covered altar of Cheibriados.
  2554 | D:2      | Found a runed translucent door.
  2557 | D:2      | Learned a level 1 spell: Animate Skeleton
  2826 | D:2      | Noticed Crazy Yiuf
  2856 | D:2      | Killed Crazy Yiuf
  2996 | D:3      | Gained mutation: Your magical nature lets you fly swiftly
                  | and evasively. [Tengu growth]
  2996 | D:3      | Reached XP level 5. HP: 22/31 MP: 4/9
  3565 | D:3      | Found a faded altar of an unknown god.
  4373 | D:4      | Reached XP level 6. HP: 32/37 MP: 2/10
  4377 | D:4      | Identified the +5 ring mail of Torchovo {Drain rPois Int-2
                  | Dex+4}
  4645 | D:4      | Found a white marble altar of Elyvilon.
  5162 | D:4      | Reached XP level 7. HP: 42/42 MP: 6/11
  5278 | D:5      | Entered Level 5 of the Dungeon
  5295 | D:5      | Found a staircase to the Ecumenical Temple.
  5304 | Temple   | Entered the Ecumenical Temple
  6135 | D:5      | Noticed Edmund
  6158 | D:5      | Killed Edmund
  6159 | D:5      | Reached XP level 8. HP: 23/48 MP: 0/13
  6389 | D:5      | Reached skill level 5 in Conjurations
  6958 | D:5      | Reached skill level 10 in Air Magic
  7445 | D:6      | Learned a level 4 spell: Airstrike
  7449 | D:6      | Learned a level 3 spell: Mephitic Cloud
  7791 | D:6      | Reached XP level 9. HP: 23/52 MP: 7/16
  9206 | D:7      | Reached skill level 5 in Spellcasting
  9538 | D:7      | Noticed a troll
  9539 | D:7      | Found the +7 Singing Sword {vorpal, sonic wave}
  9539 | D:7      | Noticed a kobold demonologist
  9539 | D:7      | Noticed a cyclops
  9540 | D:7      | Noticed a rust devil
  9540 | D:7      | Noticed a troll
  9545 | D:7      | Killed a cyclops
  9546 | D:7      | Reached skill level 5 in Dodging
  9546 | D:7      | Reached skill level 10 in Conjurations
  9554 | D:7      | Reached XP level 10. HP: 40/56 MP: 16/19
  9558 | D:7      | Slain by a slime creature

Illustrated notes

Levels and vault maps discovered:
D:1:      dpeg_arrival_simpleton_a, layout_basic, st_stairs_10
D:2:      minmay_door_path, layout_basic, serial_shops, nicolae_shop_trees,
          basic_altar, uniq_crazy_yiuf_cottage
D:3:      layout_basic, shapermc_ecumenical_altar_totnotflames, serial_glass,
          glass_columns_a, glass_columns_b
D:4:      layout_rooms, mainiacjoe_overflow_six_doors_small
D:5:      layout_gridville, minmay_temple_entry_fiery, serial_bayou_lagoon_a,
          minmay_bent, uniq_edmund
D:6:      layout_loops_ring
D:7:      minmay_the_grid_octo_tiled_squarecenter
          [minmay_the_grid_octo_pinwheel, minmay_the_grid_octo_vomiting_pacman,
          minmay_the_grid_octo_fan_narrow, minmay_the_grid_octo_thin_diamonds,
          minmay_the_grid_square_5x5_megaprize_crossed,
          minmay_the_grid_square_5x5_spiral_small,
          minmay_the_grid_square_5x5_three,
          minmay_the_grid_square_5x5_checkered,
          minmay_the_grid_square_5x5_hourglass], layout_layer_cave,
          lemuel_doored_altar, kennysheep_generic_room_8
Temple:   eino_narrow_crystal_temple

Skill      XL: |  1  2  3  4  5  6  7  8  9 |
---------------+----------------------------+-----
Fighting       | 1 2 3 4 |  4.0
Air Magic      | 5 6 7 8 9 10 | 10.0
Conjurations   | 4 7 10 | 10.9
Spellcasting   | 4 5 |  5.7
Dodging        | 3 5 |  5.7
Stealth        | |  2.0

Action                   |  1- 3 |  4- 6 |  7- 9 | 10-12 || total
-------------------------+-------+-------+-------+-------++-------
Melee: Unarmed           |     6 |       |       |       ||     6
       Dagger            |       |    11 |    32 |       ||    43
       Kick              |       |     3 |     8 |       ||    11
       Peck              |       |       |     5 |       ||     5
       Flail             |       |       |     8 |       ||     8
 Cast: Shock             |    69 |   104 |   178 |       ||   351
       Animate Skeleton  |       |    10 |    13 |     1 ||    24
       Swiftness         |       |     2 |       |       ||     2
       Static Discharge  |       |     3 |    16 |     4 ||    23
       Airstrike         |       |       |     2 |       ||     2
       Mephitic Cloud    |       |       |     1 |       ||     1
Evoke: Wand              |       |       |    10 |       ||    10
  Use: Potion            |       |       |     2 |       ||     2
 Stab: Sleeping          |       |       |     1 |       ||     1
Armor: Robe              |     3 |     5 |    12 |       ||    20
Dodge: Dodged            |     5 |    36 |    81 |     4 ||   126
